 Dungeon Crawl Stone Soup version 0.25-a0-670-g50981ef59b (webtiles) character file.

Game seed: 7456995471192353480, levelgen mode: deterministic

534 Error4North the Covered (level 7, -4/61 HPs)
             Began as a Hill Orc Fighter on Mar 29, 2020.
             Was a Plaything of Xom.
             Killed by nerve-wracking pain
             ... invoked by an orc priest
              (11 damage)
             ... on level 4 of the Dungeon.
             The game lasted 00:12:28 (3419 turns).

Error4North the Covered (Hill Orc Fighter)          Turns: 3419, Time: 00:12:29

Health: -4/61      AC: 16    Str: 21    XL:     7   Next: 25%
Magic:  7/7        EV:  8    Int:  8    God:    Xom [....*.]
Gold:   215        SH: 10    Dex: 10    Spells: 6/6 levels left

rFire    . . .     SeeInvis .   k - +1 mace (protect)
rCold    . . .     Gourm    +   c - +0 kite shield
rNeg     . . .     Faith    .   b - +0 scale mail
rPois    .         Spirit   .   (no helmet)
rElec    .         Reflect  .   (no cloak)
rCorr    +         Harm     .   (no gloves)
MR       .....                  t - +1 pair of boots
Stlth    ..........             u - amulet of the gourmand (curse)
HPRegen  0.20/turn              w - ring of resist corrosion
MPRegen  0.10/turn              (no ring)

@: mighty, protection aura, stab
A: no striking features
a: Renounce Religion, Convert to Beogh


You were on level 4 of the Dungeon.
You worshipped Xom.
You were a beloved toy of Xom.
You were hungry.

You visited 1 branch of the dungeon, and saw 4 of its levels.

You collected 215 gold pieces.

Inventory:

Hand Weapons
 k - a +1 mace of protection (weapon)
Armour
 b - a +0 scale mail (worn)
 c - a +0 kite shield (worn)
 t - a +1 pair of boots (worn)
Jewellery
 e - an uncursed amulet of guardian spirit
 u - a cursed amulet of the gourmand (around neck)
 w - a ring of resist corrosion (left hand)
Wands
 r - a wand of random effects (14)
Scrolls
 a - 5 scrolls of remove curse
 g - a scroll of fear {unknown}
 i - a scroll of random uselessness {unknown}
 l - a scroll of noise {unknown}
 m - 2 scrolls of immolation {unknown}
 n - 3 scrolls of fog {unknown}
 s - 2 scrolls of identify {unknown}
 v - 2 scrolls of magic mapping {unknown}
 y - a scroll of enchant armour {unknown}
 z - a scroll of amnesia {unknown}
Potions
 h - 3 potions of curing {unknown}
 j - 3 potions of heal wounds {unknown}
 o - a potion of haste {unknown}
 p - 2 potions of lignification {unknown}
 q - a potion of stabbing
 x - a potion of degeneration {unknown}
Comestibles
 f - 16 rations


   Skills:
 * Level 5.0 Fighting
   Level 2.9(4.1) Axes
 + Level 3.7(4.1) Maces & Flails
 * Level 5.2 Armour
 + Level 0.8 Dodging
 * Level 5.2 Shields
 * Level 1.2 Evocations


You had 6 spell levels left.
You didn't know any spells.
Your spell library was empty.

Dungeon Overview and Level Annotations

Branches:
Dungeon (4/15)             Temple (0/1) D:4

Altars:
Ashenzari
Xom

Annotations:
D:4 2 runed translucent doors, Scuka's ghost, amateur DsGl


Message History

You feel very mighty all of a sudden.
Xom asks Qazlal to spice things up a little.
You are now a beloved toy of Xom.
The orc priest threatens, "By the altar or by the axe, you will meet Beogh!"
The orc priest barely misses you.
The orc priest hits you with a +0 trident.
* * * LOW HITPOINT WARNING * * *
It was a potion of stabbing.
You feel ready to backstab.
Xom roars with laughter!
You are engulfed in seething chaos.
The orc priest shouts, "Surrender to Beogh and we'll let you live!"
The orc priest barely misses you. x2
You thump the orc priest!
The orc priest shouts, "Join the one true god or die!"
The orc priest is almost dead.
You are engulfed in seething chaos.
The orc priest mumbles some strange prayers to Beogh against you.
Pain shoots through your body!
You die...

#.......#....'..<.#......# ....
..#.....#....#....'......# ....
...#...#######...###....## +####
+####..###..##...###....##..#....
..W##.......................#.+##
.8..#.....................#.# #..
≈≈#.#.....>...............#.# #.#
!..##.....................#.# #.#
.####...........@o....>...#.# #..
## ##...##...##.o###......#.#.+##
##....##...##..###'######.#....
#......#...#..............+####
#......#...'...................
#......#...#...................
##....##.####...##.............
##....##.####...##.............
#........'........<..g.........


You could see 2 orc priests.

Vanquished Creatures
  The ghost of liluieth the Slasher, an amateur DEFi (D:3)
  2 howler monkeys
  A centaur zombie (D:3)
  2 hounds (D:4)
  An orc priest (D:4)
  Jessica (D:2)
  9 gnolls
  5 adders
  3 oozes
  4 worms
  A dart slug (D:3)
  5 leopard geckos
  4 orcs (D:4)
  2 giant cockroaches (D:1)
  7 goblins
  8 hobgoblins
  11 jackals
  7 kobolds
  A quokka (D:3)
  6 bats
  2 frilled lizards (D:1)
  8 rats
91 creatures vanquished.

Notes
Turn   | Place    | Note
-------+----------+-------------------------------------------
     0 | D:1      | Error4North the Hill Orc Fighter began the quest for the
                  | Orb.
     0 | D:1      | Reached XP level 1. HP: 19/19 MP: 1/1
   171 | D:1      | Reached XP level 2. HP: 11/27 MP: 2/2
   216 | D:1      | Reached XP level 3. HP: 13/33 MP: 3/3
  1186 | D:2      | Reached XP level 4. HP: 31/40 MP: 1/4
  1414 | D:2      | Noticed Jessica
  1426 | D:2      | Killed Jessica
  1426 | D:2      | Reached skill level 1 in Maces & Flails
  1465 | D:2      | Reached XP level 5. HP: 36/46 MP: 3/5
  1993 | D:3      | Reached XP level 6. HP: 45/53 MP: 6/6
  2611 | D:3      | Found a runed translucent door.
  2611 | D:3      | Noticed liluieth's ghost (amateur DEFi)
  2639 | D:3      | Killed liluieth's ghost
  2639 | D:3      | Reached skill level 5 in Armour
  2639 | D:3      | Reached skill level 5 in Shields
  2800 | D:4      | Found a shimmering altar of Xom.
  2829 | D:4      | Became a worshipper of Xom of Chaos
  2929 | D:4      | Reached skill level 1 in Evocations
  2929 | D:4      | Reached XP level 7. HP: 46/60 MP: 4/7
  2959 | D:4      | Reached skill level 5 in Fighting
  3172 | D:4      | Found a shattered altar of Ashenzari.
  3198 | D:4      | XOM: harmless Summ miscast
  3324 | D:4      | Found a large runed translucent door.
  3324 | D:4      | Found a large runed translucent door.
  3324 | D:4      | Noticed Scuka's ghost (amateur DsGl)
  3345 | D:4      | Found a staircase to the Ecumenical Temple.
  3417 | D:4      | XOM: chaos cloud
  3419 | D:4      | Killed from afar by an orc priest

Levels and vault maps discovered:
D:1:      lightli_arrival_noodles, layout_basic, minmay_3d_cube
D:2:      layout_basic, first_ration, uniq_jessica
D:3:      layout_loops_ring, gammafunk_ghost_grave
D:4:      layout_gridville, lemuel_round_altar, minmay_temple_entry_nine_rooms,
          ebering_ghost_disaster_area, minivault_11, minmay_stone_trees_large,
          brannock_xom_greatest_gift

Skill      XL: |  1  2  3  4  5  6  7 |
---------------+----------------------+-----
Armour         | 4 5 |  5.2
Fighting       | 4 5 |  5.0
Shields        | 4 5 |  5.2
Maces & Flails | 1 2 3 |  3.7
Evocations     | 1 |  1.2
Axes           | |  2.9
Dodging        | |  0.8

Action                   |  1- 3 |  4- 6 |  7- 9 || total
-------------------------+-------+-------+-------++-------
Melee: War axe           |    50 |       |       ||    50
       Mace              |    60 |   219 |    66 ||   345
  Use: Scroll            |       |     1 |       ||     1
       Potion            |       |       |     2 ||     2
  Eat: Chunk             |       |     7 |     1 ||     8
Armor: Scale mail        |    77 |   118 |    50 ||   245
Dodge: Dodged            |    53 |    69 |    26 ||   148
Block: Kite shield       |    63 |   117 |    53 ||   233

Table legend:
 A = Non-vault XP
 B = Vault XP
 C = Vault XP percentage of total XP
 D = Non-vault monster count
 E = Vault monster count
 F = Vault count percentage of total count
                 A         B        C        D         E       F
            +---------+---------+-------+---------+---------+-------
      Total |     623 |     141 |  18.5 |      87 |       4 |   4.4
            +---------+---------+-------+---------+---------+-------
        D:1 |      68 |       3 |   4.2 |      27 |       2 |   6.9
        D:2 |     170 |      37 |  17.9 |      22 |       1 |   4.3
        D:3 |     156 |     101 |  39.3 |      24 |       1 |   4.0
        D:4 |     229 |       0 |   0.0 |      14 |       0 |   0.0
            +---------+---------+-------+---------+---------+-------
